 Dungeon Crawl Stone Soup version 0.23-a0-635-g88ca12a (webtiles) character file.

3213 zishaf the Schismatic (level 10, 0/80 HPs)
             Began as a Formicid Abyssal Knight on Dec 27, 2018.
             Was an Elder of Lugonu.
             Succumbed to a killer bee's poison
             ... on level 11 of the Dungeon.
             The game lasted 00:22:24 (11103 turns).

zishaf the Schismatic (Formicid Abyssal Knight)    Turns: 11103, Time: 00:22:24

Health: 0/80       AC: 17    Str: 21    XL:     10   Next: 17%
Magic:  15/15      EV:  7    Int: 11    God:    Lugonu [****..]
Gold:   436        SH:  4    Dex: 10    Spells: 9/9 levels left

rFire    . . .     SeeInvis +   a - +0 glaive
rCold    . . .     Gourm    .   p - +0 buckler
rNeg     . . .     Faith    .   j - +0 plate armour
rPois    .         Spirit   .   (helmet unavailable)
rElec    .         Reflect  .   (no cloak)
rCorr    .         Harm     .   (no gloves)
MR       +....                  (no boots)
Stlth    ..........             g - amulet of magic regeneration
HPRegen  0.23/turn              i - +4 ring of protection
MPRegen  0.39/turn              h - ring of wizardry

@: lethally poisoned (0 -> -22), flying, studying Shields
A: permanent stasis, dig shafts and tunnels, four strong arms, antennae 3
a: Dig, Shaft Self, Depart the Abyss, Bend Space, Banish, Corrupt, Renounce
Religion


You were on level 11 of the Dungeon.
You worshipped Lugonu.
Lugonu was greatly pleased with you.
You were not hungry.

You visited 1 branch of the dungeon, and saw 9 of its levels.
You visited the Abyss 1 time.

You collected 436 gold pieces.

Inventory:

Hand Weapons
 a - a +0 glaive (weapon)
 b - a +0 shortbow
 e - a +1 falchion
 y - a +0 halberd
Missiles
 w - 2 steel tomahawks (quivered)
 x - 60 arrows
Armour
 j - a +0 plate armour (worn)
 p - a +0 buckler (worn)
Jewellery
 g - an amulet of magic regeneration (around neck)
 h - a ring of wizardry (right hand)
 i - a +4 ring of protection (left hand)
Wands
 l - a wand of polymorph (7)
 B - a wand of paralysis (11)
Scrolls
 d - 2 scrolls of remove curse
 f - a scroll of amnesia
 m - a scroll of enchant weapon
 q - 2 scrolls of fog {unknown}
 r - 2 scrolls of teleportation {unknown}
 t - 2 scrolls of enchant armour {unknown}
Potions
 k - a potion of flight
 n - 3 potions of curing
 o - a potion of brilliance
 s - a potion of ambrosia
 u - a potion of magic
Books
 v - a manual of Shields
Comestibles
 c - 19 rations
 A - 3 chunks of flesh


   Skills:
 + Level 7.7 Fighting
 - Level 4.0 Long Blades
   Level 2.0 Maces & Flails
 * Level 4.9 Polearms
 + Level 7.2 Armour
 - Level 3.1 Dodging
 - Level 3.0 Shields
 + Level 7.9 Invocations


You had 9 spell levels left.
You didn't know any spells.
Your spell library contained the following spells:

 Spells                   Type           Power        Failure   Level  Hunger
 Irradiate                Conj/Tmut      #.........   100%        5    ######.
 Hydra Form               Tmut           #.........   100%        6    #######
 Statue Form              Tmut/Erth      #........    100%        6    #######
 Dragon Form              Tmut           #.........   100%        7    #######


Dungeon Overview and Level Annotations

Branches:
Dungeon (8/15)             Temple (0/1) D:6
   Lair: D:8-11

Altars:
Ashenzari
Cheibriados
Dithmenos
Fedhas
Hepliaklqana
Kikubaaqudgha
Makhleb
Nemelex Xobeh
Ru
Trog
Uskayaw
Yredelemnul
The Shining One

Annotations:
D:6 2 runed doors, 2 transporters, zazu2006's ghost, novice DDEE


Innate Abilities, Weirdness & Mutations

You cannot be hasted, slowed, berserked, paralysed or teleported.
You can dig through walls and to a lower floor.
Your four strong arms can wield two-handed weapons with a shield.
You have a pair of large antennae on your head. (SInv)


Message History

The killer bee stings you but does no damage.
The killer bee barely misses you.
Are you sure you want to shaft yourself?
You feel quite a bit more hungry.
* * * LOW HITPOINT WARNING * * *
You feel sick. The killer bee stings you.
* * * LOW HITPOINT WARNING * * *
You are more poisoned.
The killer bee poisons you! The killer bee stings you.
* * * LOW HITPOINT WARNING * * *
You begin to dig a shaft.
You continue digging a shaft.
* * * LOW HITPOINT WARNING * * *
You feel sick.
The killer bee stings you but does no damage.
The killer bee barely misses you. A shaft appears beneath you!
You are sucked into a shaft for 3 floors!
The shaft crumbles and collapses.
A centaur zombie comes into view.
You die...

#.#####Z#####
............
#...........
#........%..
#...........
#...........
#...........
#...@.......
############


You could see a centaur zombie (dormant).

Vanquished Creatures
  Menkaure (D:7)
  A basilisk (D:7)
  An ice beast (D:5)
  3 orc warriors (D:6)
  A sky beast (D:6)
  2 phantoms
  3 centaurs
  5 ogres
  A big kobold (D:7)
  2 bullfrogs
  2 scorpions (D:7)
  2 killer bees (D:8)
  2 howler monkeys (D:5)
  2 crimson imps
  A centaur zombie (D:5)
  2 jellies
  3 orc priests
  A bullfrog skeleton (D:7)
  7 hounds
  4 orc wizards
  Terence (D:3)
  An iguana (D:7)
  6 worker ants
  10 gnolls
  12 adders
  A shadow imp (D:7)
  An adder skeleton (D:5)
  2 worms
  A dart slug (D:1)
  4 leopard geckos
  26 orcs
  A ball python (D:3)
  9 bats
  7 giant cockroaches
  6 goblins
  7 hobgoblins
  6 jackals
  7 kobolds
  3 quokkas
  6 frilled lizards
  2 leopard gecko skeletons
  A quokka zombie (D:5)
  9 rats
175 creatures vanquished.

Vanquished Creatures (others)
  A water moccasin (D:6)
  A gnoll sergeant (D:5)
2 creatures vanquished.

Grand Total: 177 creatures vanquished

Notes
Turn   | Place    | Note
-------+----------+-------------------------------------------
     0 | Abyss:1  | zishaf the Formicid Abyssal Knight began the quest for the
                  | Orb.
     0 | Abyss:1  | Reached XP level 1. HP: 18/18 MP: 2/2
    34 | Abyss:1  | Noticed a small abomination
    34 | Abyss:1  | Noticed a hellwing
    36 | D:1      | Escaped the Abyss
   126 | D:1      | Reached skill level 1 in Dodging
   220 | D:1      | Reached XP level 2. HP: 24/24 MP: 3/3
   238 | D:1      | Reached * piety under Lugonu
   767 | D:1      | Reached XP level 3. HP: 28/29 MP: 4/4
  1216 | D:2      | You fall through a shaft for 2 floors!
  1241 | D:4      | Reached XP level 4. HP: 18/37 MP: 6/6
  1277 | D:4      | HP: 1/37 [poisoned by an adder]
  1813 | D:2      | Reached skill level 1 in Shields
  1909 | D:2      | Found a glowing golden altar of the Shining One.
  1911 | D:2      | Found a hide-covered altar of Uskayaw.
  1976 | D:2      | Reached ** piety under Lugonu
  2033 | D:2      | Found a basalt altar of Yredelemnul.
  2081 | D:2      | Reached XP level 5. HP: 32/42 MP: 7/7
  2793 | D:3      | Found a shadowy altar of Dithmenos.
  2822 | D:3      | HP: 1/42 [quokka (2)]
  2823 | D:3      | You fall through a shaft for 2 floors!
  2823 | D:5      | Entered Level 5 of the Dungeon
  3115 | D:4      | Noticed a phantom
  3167 | D:4      | Killed a phantom
  3167 | D:4      | Reached XP level 6. HP: 38/48 MP: 8/8
  3501 | D:4      | Got a pitted copper ring
  3503 | D:4      | Identified the cursed ring of Yfyaf {-Tele Int+6 Dex-2
                  | Stlth+} (You found it on level 4 of the Dungeon)
  3634 | D:4      | Found a burning altar of Makhleb.
  3634 | D:4      | Found a hazy altar of Hepliaklqana.
  3726 | D:4      | Found a snail-covered altar of Cheibriados.
  3796 | D:4      | Found an ancient bone altar of Kikubaaqudgha.
  4310 | D:4      | Found a sparkling altar of Nemelex Xobeh.
  5267 | D:3      | Noticed Terence
  5283 | D:3      | Killed Terence
  5386 | D:3      | Reached *** piety under Lugonu
  5386 | D:3      | Reached XP level 7. HP: 52/55 MP: 10/10
  5465 | D:3      | Found a faded altar of an unknown god.
  5827 | D:3      | Found a shadowy altar of Dithmenos.
  6229 | D:5      | Reached skill level 5 in Fighting
  6273 | D:5      | Found a sacrificial altar of Ru.
  6392 | D:5      | Reached skill level 5 in Invocations
  6392 | D:5      | Reached XP level 8. HP: 58/62 MP: 11/11
  6463 | D:5      | HP: 2/63 [phantom (7)]
  6893 | D:5      | Reached skill level 5 in Armour
  7426 | D:5      | Found a shattered altar of Ashenzari.
  7626 | D:6      | Found a staircase to the Ecumenical Temple.
  7823 | D:6      | Reached skill level 1 in Maces & Flails
  7823 | D:6      | Reached XP level 9. HP: 32/71 MP: 13/13
  8045 | D:6      | Found a runed door.
  8051 | D:6      | Noticed zazu2006's ghost (novice DDEE)
  8118 | D:6      | Found a transporter.
  8131 | D:6      | Found a transporter.
  8133 | D:6      | Noticed a two-headed ogre
  8133 | D:6      | Noticed a four-headed hydra
  8135 | D:6      | Found a bloodstained altar of Trog.
  8574 | D:6      | Reached skill level 1 in Polearms
  8759 | D:6      | Found a runed door.
  9183 | D:7      | Found a blossoming altar of Fedhas.
  9564 | D:7      | Reached **** piety under Lugonu
 10226 | D:7      | Reached XP level 10. HP: 65/79 MP: 15/15
 10608 | D:7      | Noticed Menkaure
 10613 | D:7      | Killed Menkaure
 11101 | D:8      | HP: 4/80 [killer bee (1)]
 11103 | D:8      | You are sucked into a shaft for 3 floors!
 11103 | D:11     | Succumbed to a killer bee's poison

Vault maps used:
D:1:      saegor_arrival_simple_a, patterned_corridor
D:2:      yredelemnul_altar_generic, nicolae_overflow_hidden_temple
D:3:      serial_forest, infiniplex_forest_clump_tiny,
          infiniplex_forest_straight_2, infiniplex_forest_lined_1,
          infiniplex_forest_clump_small, infiniplex_forest_lined_1,
          first_ration, chequers_ecumenical_altar_lobes,
          grunt_dithmenos_smoke_and_mirrors, uniq_terence
D:4:      gammafunk_temple_overflow_elements, cheibriados_altar_1,
          kennysheep_mini_moat, kennysheep_mini, serial_rivers,
          chequers_serial_rivers_room_b, chequers_serial_rivers_micro_b,
          chequers_serial_rivers_small_b, chequers_serial_rivers_small_b,
          chequers_serial_rivers_room_a, chequers_serial_rivers_micro_a
D:5:      lemuel_coloured_pillars_altar, old_standard_altar, minmay_manual_mares
D:6:      gammafunk_temple_overflow_arena, minmay_temple_entry_mini_moons,
          ebering_ghost_sewer_f, corexii_checkpoint_b,
          kennysheep_generic_room_16
D:7:      grunt_ogre_cave, fedhas_altar_3, uniq_menkaure
D:8:      erik_lair_orcish_takeover
D:11:     laboratory, uniq_erolcha

Skill      XL: |  1  2  3  4  5  6  7  8  9 10 |
---------------+-------------------------------+-----
Dodging        | 1 3 |  3.1
Shields        | 1 3 |  3.0
Invocations    | 3 4 5 6 7 |  7.9
Armour         | 3 4 5 6 7 |  7.2
Fighting       | 4 5 6 7 |  7.7
Long Blades    | 3 4 |  4.0
Maces & Flails | 1 2 |  2.0
Polearms       | 4 |  4.9

Action                   |  1- 3 |  4- 6 |  7- 9 | 10-12 || total
-------------------------+-------+-------+-------+-------++-------
Melee: Falchion          |    74 |   251 |   388 |       ||   713
       Dire flail        |       |       |    49 |       ||    49
       Glaive            |       |       |   134 |    83 ||   217
       Halberd           |       |       |    41 |       ||    41
Invok: Depart the Abyss  |     1 |       |       |       ||     1
       Banish            |       |       |     3 |       ||     3
 Abil: Shaft Self        |       |     1 |       |     1 ||     2
  Use: Scroll            |       |    10 |     4 |       ||    14
       Potion            |       |       |       |     2 ||     2
  Eat: Chunk             |     1 |    14 |    13 |     1 ||    29
       Ration            |       |       |     2 |       ||     2
Armor: Leather armour    |    44 |    37 |       |       ||    81
       Chain mail        |       |    81 |    45 |       ||   126
       Plate armour      |       |       |   416 |    93 ||   509
       Skin              |       |       |       |    32 ||    32
Dodge: Dodged            |    55 |   125 |   232 |    45 ||   457
Block: Buckler           |       |    39 |   129 |    32 ||   200
       Rpst.: Falchion   |    13 |    43 |    33 |       ||    89

Table legend:
 A = Non-vault XP
 B = Vault XP
 C = Vault XP percentage of total XP
 D = Non-vault monster count
 E = Vault monster count
 F = Vault count percentage of total count
                 A         B        C        D         E       F
            +---------+---------+-------+---------+---------+-------
      Total |    4002 |     589 |  12.8 |     167 |      10 |   5.6
            +---------+---------+-------+---------+---------+-------
        D:1 |      35 |       0 |   0.0 |      18 |       0 |   0.0
        D:2 |     116 |       0 |   0.0 |      26 |       0 |   0.0
        D:3 |     174 |      36 |  17.1 |      28 |       1 |   3.4
        D:4 |     211 |       0 |   0.0 |      15 |       0 |   0.0
        D:5 |     812 |     230 |  22.1 |      24 |       2 |   7.7
        D:6 |    1209 |      26 |   2.1 |      25 |       5 |  16.7
        D:7 |    1195 |     297 |  19.9 |      28 |       2 |   6.7
        D:8 |     250 |       0 |   0.0 |       3 |       0 |   0.0
            +---------+---------+-------+---------+---------+-------
